AoeStats
← KET0

African Clearing

505745003Analyzed
3v3 RM · 22d ago on Sep 10, 2026· 31m 5s· 6 players
Game mode
Random Map
Map size
Normal (6 player)
Population
200
Speed
Normal
Resources
Standard
Victory
Conquest
Starting age
Dark Age
Ending age
Imperial Age
RankedLock teamsTeams togetherTeam positionsShared explorationLock speedFull tech treeHidden civsTurbo modeCheats
Victory
Defeat
🇪🇸 Jurchens · Spain
1175
+15
🇨🇳 Mongols · China
1170
+15
🇳🇱 Goths · Netherlands
1166
+15
🇹🇷 Burgundians · Türkiye
1194
-18
🇹🇷 Huns · Türkiye
1129
-14
🇹🇷 Franks · Türkiye
1110
-13
Morsmordre
4:09 Loom
11:39 Double-Bit Axe
13:58 Feudal Age
17:27 Town Watch
20:19 Castle Age
18:38 Scale Barding Armor
21:39 Bow Saw
25:23 Horse Collar
zokarr
2:43 Loom
12:56 Feudal Age
13:41 Double-Bit Axe
19:06 Castle Age
19:17 Bloodlines
23:42 Wheelbarrow
KET0
6:29 Loom
15:43 Feudal Age
18:56 Double-Bit Axe
23:40 Castle Age
22:52 Scale Mail Armor
23:02 Forging
25:37 Husbandry
28:54 Bow Saw
31:02 Wheelbarrow
CampaCar
9:13 Loom
11:34 Feudal Age
12:21 Double-Bit Axe
16:18 Forging
17:37 Scale Barding Armor
18:17 Fletching
26:44 Castle Age
25:34 Bloodlines
27:18 Light Cavalry
28:00 Husbandry
30:35 Town Watch
Achladi
2:37 Loom
14:39 Feudal Age
16:47 Town Watch
19:30 Castle Age
20:09 Pikeman
24:36 Wheelbarrow
24:36 Horse Collar
25:59 Squires
25:55 Double-Bit Axe
27:58 Heavy Plow
pickmyself or end
3:09 Loom
14:04 Feudal Age
14:43 Double-Bit Axe
15:44 Stone Mining
18:36 Castle Age
16:36 Gold Mining
16:35 Horse Collar
18:33 Town Watch
19:23 Wheelbarrow
24:46 Fletching
27:14 Bodkin Arrow
30:10 Bow Saw
Connection lost

Rejoining the realm…

Still unreachable

The connection could not be restored.

Session expired

The server has moved on; the page needs a fresh start.